[Event "Goteborg Open 2024"]
[Site "Goteborgs Schackcentrum, Vegatan 20, Gothenburg, Sweden"]
[Date "2024.08.04"]
[Round "8.1"]
[White "Rasti, Arvin"]
[Black "Borin, Jesper"]
[Result "1-0"]
[TimeControl "15 minutes + 5 seconds per move from move one (Round 1 - 4) / 90 minutes + 30 seconds per move from move one (Round 5 - 8)"]
[WhiteTitle "FM"]
[WhiteFideId "1741160"]
[BlackFideId "1771337"]
[WhiteElo "2195"]
[BlackElo "1905"]

1. Nf3 Nf6 2. g3 g6 3. Bg2 Bg7 4. O-O O-O 5. d4 d6 6. b3 c5 7. Bb2 Nc6 8. c4 cxd4 9. Nxd4 Bd7 10.
Nc3 a6 11. e4 Nxd4 12. Qxd4 Ng4 13. Qd2 Bc6 14. h3 Ne5 15. Rfc1 Rb8 16. Nd5 Bxd5 17. exd5 b5 18. cxb5 Rxb5 19.
Bd4 Qa5 20. Qxa5 Rxa5 21. a4 Nf3+ 22. Bxf3 Bf6 23. Be5 Bxe5 24. b4 Bxa1 25. Rxa1 Rxd5 26. Bxd5 Rb8 27. b5 axb5 28.
a5 e6 29. Bc6 b4 30. a6 b3 31.
a7 b2 32. axb8=Q+ 1-0

[ePGN "0.1;DGT LiveChess/2.2.6"]

[Event "Goteborg Open 2024"]
[Site "Goteborgs Schackcentrum, Vegatan 20, Gothenburg, Sweden"]
[Date "2024.08.04"]
[Round "8.2"]
[White "Degerfeldt, Sven"]
[Black "Kallen, Jonas"]
[Result "1-0"]
[TimeControl "15 minutes + 5 seconds per move from move one (Round 1 - 4) / 90 minutes + 30 seconds per move from move one (Round 5 - 8)"]
[WhiteFideId "1717430"]
[BlackFideId "1712896"]
[WhiteElo "1902"]
[BlackElo "2017"]

1. d4 Nf6 2. Nf3 g6 3. e3 Bg7 4. Be2 O-O 5. O-O b6 6. b3 Bb7 7. Bb2 c5 8. dxc5 bxc5 9. c4 d6 10.
Nc3 Nbd7 11. Qc2 Qb6 12. Rad1 Rfd8 13. Rd2 Qc6 14. Rfd1 Ne4 15. Nd5 Qa6 16. Qxe4 Bxb2 17. Rxb2 e6 18.
Nc7 Qa3 19. Qc2 1-0

[ePGN "0.1;DGT LiveChess/2.2.6"]

[Event "Goteborg Open 2024"]
[Site "Goteborgs Schackcentrum, Vegatan 20, Gothenburg, Sweden"]
[Date "2024.08.04"]
[Round "8.3"]
[White "Lennerstad, Allan"]
[Black "Wickstrom, Carina"]
[Result "1-0"]
[TimeControl "15 minutes + 5 seconds per move from move one (Round 1 - 4) / 90 minutes + 30 seconds per move from move one (Round 5 - 8)"]
[WhiteFideId "1723774"]
[BlackFideId "1743201"]
[WhiteElo "1950"]
[BlackElo "2013"]

1. Nf3 g6 2. d4 Bg7 3. c4 d6 4. e4 e5 5. dxe5 dxe5 6. Qc2 Nc6 7. Be3 Nge7 8. Nbd2 O-O 9. O-O-O Nd4 10.
Qc3 c5 11. Ne1 Nec6 12. Nd3 Qe7 13. a3 Be6 14. Kb1 Rab8 15. f4 f6 16. h3 Rfd8 17. g4 a6 18. Rh2 b5 19. cxb5 Nxb5 20.
Qxc5 Qb7 21. Rc1 Rxd3 22. Bxd3 Bf8 23. Qb6 Qd7 24. Qxc6 Qxd3+ 25. Ka1 Bf7 26. fxe5 Bxa3 27. Nc4 fxe5 28.
Rf2 Qb3 29. bxa3 Qa4 30. Rxf7 Kxf7 31. Qd5+ Kg7 32. Qxe5+ Kf7 33. Rf1+ Kg8 34. Qe6+ Kg7 35. Qe5+ Kg8 36. Qxb8+ 1-0

[ePGN "0.1;DGT LiveChess/2.2.6"]

[Event "Goteborg Open 2024"]
[Site "Goteborgs Schackcentrum, Vegatan 20, Gothenburg, Sweden"]
[Date "2024.08.04"]
[Round "8.4"]
[White "Eriksson, Kristian"]
[Black "Ottgard, Andreas"]
[Result "1/2-1/2"]
[TimeControl "15 minutes + 5 seconds per move from move one (Round 1 - 4) / 90 minutes + 30 seconds per move from move one (Round 5 - 8)"]
[WhiteFideId "1705172"]
[BlackFideId "1730592"]
[WhiteElo "2064"]
[BlackElo "1900"]

1. e4 d6 2. d4 Nf6 3. Nc3 g6 4. Nf3 Bg7 5. Bc4 O-O 6. O-O Bg4 7. h3 Bxf3 8. Qxf3 Nc6 9. Be3 e5 10.
dxe5 Nxe5 11. Qe2 Nxc4 12. Qxc4 Re8 13. Rad1 a6 14. a4 Qd7 15. f3 Qc6 16. Qxc6 bxc6 17. Kf2 Rab8 18. b3 h5 19.
Bd4 Nd7 20. Bxg7 Kxg7 21. Rfe1 f6 22. g4 1/2-1/2

[ePGN "0.1;DGT LiveChess/2.2.6"]

[Event "Goteborg Open 2024"]
[Site "Goteborgs Schackcentrum, Vegatan 20, Gothenburg, Sweden"]
[Date "2024.08.04"]
[Round "8.5"]
[White "Harila, Per"]
[Black "Wesslen, Ulf"]
[Result "0-1"]
[TimeControl "15 minutes + 5 seconds per move from move one (Round 1 - 4) / 90 minutes + 30 seconds per move from move one (Round 5 - 8)"]
[WhiteFideId "1707248"]
[BlackFideId "1705199"]
[WhiteElo "1947"]
[BlackElo "1953"]

1. c4 e6 2. Nc3 Nf6 3. d4 c5 4. d5 exd5 5. cxd5 g6 6. e4 d6 7. Nge2 Bg7 8. Ng3 O-O 9. Be2 Na6 10.
h4 h5 11. Bg5 Qa5 12. O-O Bd7 13. Qd2 Rfe8 14. Qf4 Nh7 15. Qxd6 Nxg5 16. Qxd7 Nh7 17. Qxb7 Nc7 18. d6 Ne6 19.
d7 Reb8 20. Qd5 Qd8 21. Rab1 Qxh4 22. e5 Rd8 23. Rfe1 Qe7 24. Bf3 Rab8 25. Rbd1 Rxb2 26. Na4 Rb4 27. Qc6 Rd4 28. Rc1 Bf8 29.
Ne4 R8xd7 30. Naxc5 Rc7 31. Qb5 Nxc5 32. Nxc5 Rxc5 33. Qb3 Rxe5 34. Rxe5 Qxe5 35. Qb7 Ng5 36. Qxa7 Nxf3+ 37. gxf3 Qg5+ 0-1

[ePGN "0.1;DGT LiveChess/2.2.6"]

[Event "Goteborg Open 2024"]
[Site "Goteborgs Schackcentrum, Vegatan 20, Gothenburg, Sweden"]
[Date "2024.08.04"]
[Round "8.6"]
[White "Utriainen, Tapani"]
[Black "Fransson, Lennart"]
[Result "0-1"]
[TimeControl "15 minutes + 5 seconds per move from move one (Round 1 - 4) / 90 minutes + 30 seconds per move from move one (Round 5 - 8)"]
[WhiteFideId "16300696"]
[BlackFideId "1706756"]
[WhiteElo "1914"]
[BlackElo "1926"]

1. d4 Nf6 2. c4 c5 3. d5 d6 4. Nc3 g6 5. e4 Bg7 6. f4 O-O 7. Nf3 Na6 8. h3 Nh5 9. Ne2 e5 10.
g4 Nxf4 11. Nxf4 exf4 12. Bd3 f5 13. exf5 gxf5 14. g5 Qe8+ 15. Kf2 Be5 16. a3 Qh5 17. Rb1 Nb8 18. Bd2 b5 19. b3 Nd7 20.
Qc1 Bd4+ 21. Kg2 Ne5 22. Qf1 Nxf3 23. Qxf3 Qxg5+ 24. Kh2 Qg3+ 25. Qxg3+ fxg3+ 26. Kxg3 Bd7 27. cxb5 Rab8 28. a4 Rf7 29.
Bf4 Re8 30. Kf3 Rfe7 31. Rh2 Re3+ 32. Bxe3 Rxe3+ 33. Kf4 Rxd3 34. Rg2+ Kf7 35. Kg5 h6+ 36. Kxh6 Rxh3+ 37. Kg5 Be3# 0-1

[ePGN "0.1;DGT LiveChess/2.2.6"]

[Event "Goteborg Open 2024"]
[Site "Goteborgs Schackcentrum, Vegatan 20, Gothenburg, Sweden"]
[Date "2024.08.04"]
[Round "8.7"]
[White "Torres, Lucas"]
[Black "Ask, Josef"]
[Result "0-1"]
[TimeControl "15 minutes + 5 seconds per move from move one (Round 1 - 4) / 90 minutes + 30 seconds per move from move one (Round 5 - 8)"]
[BlackTitle "FM"]
[WhiteFideId "1769464"]
[BlackFideId "1704583"]
[WhiteElo "1861"]
[BlackElo "2129"]

1. e4 c5 2. Nc3 e5 3. g3 Nc6 4.
Bg2 g6 5. d3 Bg7 6. f4 exf4 7. Bxf4 d6 8. Nf3 h6 9. O-O g5 10. Be3 Nge7 11. d4 g4 12. dxc5 gxf3 13. Nb5 O-O 14.
Qxf3 Ne5 15. Qh5 Bg4 16. Qh4 dxc5 17. Bxc5 N7g6 18. Qxd8 Rfxd8 19. Nd6 b6 20. Ba3 Bf8 21. Nf5 Bxa3 22.
bxa3 Kh7 23. Rae1 Rac8 24. h3 Rd2 25. hxg4 Rcxc2 26. Ne3 Rxa2 27. Ra1 Rxa1 28. Rxa1 Re2 29. Nd5 Kg7 30. a4 Rc2 31.
Ne3 Rb2 32. Nf5+ Kh7 33. Ne3 Rb3 34. Nf5 Nxg4 35. Bh3 N4e5 36. Bg2 a5 37. Kh2 Ng4+ 38. Kg1 N6e5 39. Bh3 h5 40. Bxg4 hxg4 41.
Kf2 Rb2+ 42. Ke3 f6 43. Rc1 Rb3+ 44. Ke2 Rb4 45. Rc7+ Kg8 46. Ne7+ Kf8 47. Nd5 Rxe4+ 48. Kf1 Rc4 49.
Rb7 Rxa4 50. Rxb6 Ra1+ 51. Ke2 Ra2+ 52. Kf1 Kg7 53. Nxf6 a4 54. Nd5 a3 55. Ra6 Nc4 56. Ra4 Rc2 57.
Nb4 Rb2 58. Nd3 Rc2 59. Nb4 Rc3 60. Kf2 Rf3+ 61. Kg2 Ne3+ 62. Kh2 Nf1+ 63. Kg2 Ne3+ 64. Kh2 Rf2+ 65. Kh1 Nc4 66. Kg1 Rb2 67.
Nd3 Rc2 68. Nb4 Rc1+ 69. Kf2 Kf7 70. Ke2 Ke6 71. Kf2 Kd6 72. Ke2 Kc7 73. Nd5+ Kc6 74. Ne3 Kb5 75. Ra8 Nxe3 76. Kxe3 Kb4 77.
Kf4 Rc4 78. Ke3 Kb3 79. Rb8+ Rb4 80. Rd8 a2 81. Rd1 Ka3 82. Rd8 a1=Q 0-1

[ePGN "0.1;DGT LiveChess/2.2.6"]

[Event "Goteborg Open 2024"]
[Site "Goteborgs Schackcentrum, Vegatan 20, Gothenburg, Sweden"]
[Date "2024.08.04"]
[Round "8.8"]
[White "Mohammed, Safian Haj"]
[Black "Lindholm, Marcus"]
[Result "1-0"]
[TimeControl "15 minutes + 5 seconds per move from move one (Round 1 - 4) / 90 minutes + 30 seconds per move from move one (Round 5 - 8)"]
[WhiteFideId "1729276"]
[BlackFideId "1743473"]
[WhiteElo "1890"]
[BlackElo "1851"]

1. e4 c5 2. Nf3 Nc6 3. d4 cxd4 4. Nxd4 Nf6 5. Nc3 e5 6. Ndb5 d6 7. Bg5 a6 8. Na3 b5 9. Nd5 Be7 10.
Bxf6 Bxf6 11. c3 Bg5 12. Nc2 O-O 13. h4 Be7 14. Nce3 f5 15. exf5 Bxf5 16. Nxf5 Rxf5 17. Bd3 Rf7 18.
Qh5 g6 19. Qg4 Qc8 20. Qe2 Qe6 21. Nc7 Qf6 22. Nxa8 d5 23. Nb6 Bc5 24. Nxd5 Bxf2+ 25. Kd1 Qd6 26. Be4 Ne7 27. Qd3 Nf5 28.
h5 Ng3 29. hxg6 Rf8 30. Rxh7 Bc5 31. Ne7+ 1-0

[ePGN "0.1;DGT LiveChess/2.2.6"]

[Event "Goteborg Open 2024"]
[Site "Goteborgs Schackcentrum, Vegatan 20, Gothenburg, Sweden"]
[Date "2024.08.04"]
[Round "8.9"]
[White "Johansson, Eva"]
[Black "Westlund, Tim"]
[Result "1-0"]
[TimeControl "15 minutes + 5 seconds per move from move one (Round 1 - 4) / 90 minutes + 30 seconds per move from move one (Round 5 - 8)"]
[WhiteFideId "1724584"]
[BlackFideId "1754718"]
[WhiteElo "1878"]
[BlackElo "1886"]

1. d4 Nf6 2. c4 e6 3. Nf3 d5 4. g3 Bb4+ 5. Bd2 Be7 6. Bg2 c6 7. Qc2 Nbd7 8. O-O O-O 9. Bf4 Ne4 10.
Nbd2 f5 11. Ne1 g5 12. Be5 Nxe5 13. dxe5 Kh8 14. Rd1 Qb6 15. Nd3 Bd7 16. a3 Nc5 17. b4 Nxd3 18. Qxd3 Rf7 19. e4 fxe4 20.
Nxe4 Raf8 21. c5 Qd8 22. Nd6 Bxd6 23. cxd6 Qb6 24. Qc2 Rf5 25. Rd2 Qa6 26. Qb2 b6 27. Re1 c5 28. Bxd5 exd5 29.
e6+ d4 30. exd7 Rd8 31. Re8+ Rf8 32. Rde2 b5 33. Rxd8 Rxd8 34. Re8+ Kg7 35. Rxd8 Qxd6 36. bxc5 Qd5 37. c6 Qxc6 38.
Rg8+ Kxg8 39. d8=Q+ Kf7 40. Qdxd4 Qg6 41. Qb3+ 1-0

[ePGN "0.1;DGT LiveChess/2.2.6"]

[Event "Goteborg Open 2024"]
[Site "Goteborgs Schackcentrum, Vegatan 20, Gothenburg, Sweden"]
[Date "2024.08.04"]
[Round "8.10"]
[White "Karlsson, Stefan"]
[Black "Ulmer, Maya Vissing"]
[Result "1/2-1/2"]
[TimeControl "15 minutes + 5 seconds per move from move one (Round 1 - 4) / 90 minutes + 30 seconds per move from move one (Round 5 - 8)"]
[WhiteFideId "1771183"]
[BlackFideId "1479997"]
[WhiteElo "2042"]
[BlackElo "1676"]

1. e4 c6 2. d4 d5 3. e5 Bf5 4. h4 h5 5. c4 e6 6. Nc3 dxc4 7. Bxc4 Nd7 8. Nge2 Be7 9. Ng3 Bg6 10.
Bg5 Bxg5 11. hxg5 Qxg5 12. Nce4 Bxe4 13. Nxe4 Qxg2 14. Nd6+ Kf8 15. Rxh5 Rxh5 16. Qxh5 Nh6 17. O-O-O b5 18.
Bd3 Qg4 19. Qxg4 Nxg4 20. Rh1 Ke7 21. Rg1 Nxf2 22. Be2 Rg8 23. Rf1 Nh3 24. Rxf7+ Kd8 25. Nb7+ Ke8 26. Nd6+ Kd8 27. Ne4 Ke8 28.
Bh5 g6 29. Rxd7 Kxd7 30. Nf6+ Kc7 31. Nxg8 gxh5 32. Kd2 Nf4 1/2-1/2

[ePGN "0.1;DGT LiveChess/2.2.6"]

[Event "Goteborg Open 2024"]
[Site "Goteborgs Schackcentrum, Vegatan 20, Gothenburg, Sweden"]
[Date "2024.08.04"]
[Round "8.11"]
[White "Thern, Alfred"]
[Black "Helin, Mikael"]
[Result "0-1"]
[TimeControl "15 minutes + 5 seconds per move from move one (Round 1 - 4) / 90 minutes + 30 seconds per move from move one (Round 5 - 8)"]
[BlackTitle "CM"]
[WhiteFideId "1775227"]
[BlackFideId "1703838"]
[WhiteElo "1729"]
[BlackElo "1937"]

1. e4 d6 2. d4 g6 3. c4 Bg7 4. Nc3 Nc6 5. Be3 e5 6. d5 Nce7 7. h4 h6 8. Bd3 Nf6 9. f3 a5 10.
Qc2 b6 11. Nge2 Nd7 12. Na4 O-O 13. Qd2 Kh7 14. h5 g5 15. O-O-O Nc5 16. Nxc5 bxc5 17. g4 c6 18. Ng3 cxd5 19.
exd5+ e4 20. Nxe4 Kh8 21. Kb1 Rb8 22. Nc3 f5 23. f4 a4 24. fxg5 f4 25. Bxf4 Rxf4 26. Qxf4 Bxc3 27. Qe4 Rxb2+ 28. Kc1 Nf5 29. Qf4 Qb6 30. Bxf5 Rg2 31. Rde1 Qb2+ 32. Kd1 Rd2+ 0-1

[ePGN "0.1;DGT LiveChess/2.2.6"]

[Event "Goteborg Open 2024"]
[Site "Goteborgs Schackcentrum, Vegatan 20, Gothenburg, Sweden"]
[Date "2024.08.04"]
[Round "8.12"]
[White "Madevan Vaishnavi, Yaashvan"]
[Black "Eldh, Hjalmar"]
[Result "1-0"]
[TimeControl "15 minutes + 5 seconds per move from move one (Round 1 - 4) / 90 minutes + 30 seconds per move from move one (Round 5 - 8)"]
[WhiteFideId "1772180"]
[BlackFideId "1767968"]
[WhiteElo "1684"]
[BlackElo "1897"]

1. e4 b6 2. d4 Bb7 3. Nc3 Nf6 4. Bd3 e6 5. a3 c5 6. dxc5 Bxc5 7. Nf3 Nc6 8. b4 Be7 9. O-O Rc8 10.
Bb2 O-O 11. e5 Ng4 12. Ne4 d5 13. exd6 Bf6 14. Nxf6+ Nxf6 15.
c4 h6 16. Rc1 Nb8 17. c5 bxc5 18. bxc5 Nbd7 19. Bd4 Qa5 20. Qd2 Qd8 21. Bb5 Ne4 22. Qe3 Ndxc5 23. Bxc5 Nxc5 24. Rxc5 Qxd6 25.
Rxc8 Rxc8 26. Rc1 Rb8 27. Be2 Bd5 28. Qc5 Qf4 29. Qc7 Qxc7 30. Rxc7 Rb1+ 31. Bf1 Ra1 32. Rxa7 Bc4 33. Nd2 Be2 34.
f3 g5 35. Kf2 Bd1 36. Bb5 g4 37. Be8 Ra2 38. Bxf7+ Kh8 39. Ke3 gxf3 40. gxf3 Rc2 41. Bxe6 Rc5 42. Ne4 Re5 43. Bc4 Bxf3 44.
Kxf3 Rf5+ 45. Kg4 Rg5+ 46. Nxg5 hxg5 47. Kh5 g4 48. Kg6 g3 49. Ra8# 1-0

[ePGN "0.1;DGT LiveChess/2.2.6"]

[Event "Goteborg Open 2024"]
[Site "Goteborgs Schackcentrum, Vegatan 20, Gothenburg, Sweden"]
[Date "2024.08.04"]
[Round "8.13"]
[White "Andersson, Stig"]
[Black "Shchetinin, Oleg"]
[Result "1-0"]
[TimeControl "15 minutes + 5 seconds per move from move one (Round 1 - 4) / 90 minutes + 30 seconds per move from move one (Round 5 - 8)"]
[WhiteFideId "1731971"]
[BlackFideId "1740210"]
[WhiteElo "1889"]
[BlackElo "1742"]

1. e4 Nf6 2. d3 e5 3. Bg5 Be7 4. Nc3 O-O 5. Qd2 c6 6. f3 d5 7. O-O-O d4 8. Nce2 Be6 9. h4 Bxa2 10.
Nh3 Qb6 11. Re1 Ba3 12. c3 Be7 13. f4 exf4 14. Nxd4 Bc5 15. Bxf6 gxf6 16. Nf5 Be6 17. Nh6+ Kg7 18. Nxf4 Qa5 19.
Kd1 Bb3+ 20. Ke2 Bb6 21. Nf5+ Kh8 22. Nh5 Qc5 23. Kf3 Nd7 24. d4 Rad8 25. Qh6 Ne5+ 26. Ke2 Qc4+ 27. Kd2 Rxd4+ 28. Nxd4 Qxd4+ 29. cxd4 1-0

[ePGN "0.1;DGT LiveChess/2.2.6"]

[Event "Goteborg Open 2024"]
[Site "Goteborgs Schackcentrum, Vegatan 20, Gothenburg, Sweden"]
[Date "2024.08.04"]
[Round "8.14"]
[White "Green, David"]
[Black "Bergdahl, Daniel"]
[Result "0-1"]
[TimeControl "15 minutes + 5 seconds per move from move one (Round 1 - 4) / 90 minutes + 30 seconds per move from move one (Round 5 - 8)"]
[WhiteFideId "1769332"]
[BlackFideId "1780921"]
[WhiteElo "1946"]
[BlackElo "1689"]

1. e4 c6 2. d4 d5 3. f3 dxe4 4. fxe4 e5 5. Nf3 Bg4 6. Bc4 Nd7 7. h3 Bxf3 8. Qxf3 Ngf6 9. Qb3 Qe7 10.
Qxb7 Qb4+ 11. Qxb4 Bxb4+ 12. c3 Ba5 13. O-O O-O 14. Bd3 exd4 15. cxd4 Rfe8 16. Rf4 Bb6 17. Be3 Ne5 18. Ba6 Ng6 19.
Rf1 Rxe4 20. Bf2 Bxd4 21. Nd2 Bxf2+ 22. Rxf2 Rb4 23. Nb3 Rab8 24. Rc2 Ne5 25. Re1 Nfd7 26. Ree2 f6 27. Na5 c5 28.
b3 R4b6 29. Bc4+ Kf8 30. Rcd2 Re8 31. Re1 Nf3+ 32. gxf3 Rxe1+ 33. Kf2 Re7 34. Bd5 Ne5 35. f4 Ng6 36. Nc4 Rb8 37. Kf3 Rd8 38.
Ne3 Red7 39. Ke4 Ne7 40. f5 Re8 41. Kf4 Nc6 42. Bxc6 Rxd2 43. Nc4 Rd4+ 0-1

[ePGN "0.1;DGT LiveChess/2.2.6"]

[Event "Goteborg Open 2024"]
[Site "Goteborgs Schackcentrum, Vegatan 20, Gothenburg, Sweden"]
[Date "2024.08.04"]
[Round "8.15"]
[White "Gallardo, Guillermo"]
[Black "Lifmark, Kaspar"]
[Result "1/2-1/2"]
[TimeControl "15 minutes + 5 seconds per move from move one (Round 1 - 4) / 90 minutes + 30 seconds per move from move one (Round 5 - 8)"]
[WhiteFideId "1773488"]
[BlackFideId "1742396"]
[WhiteElo "1822"]
[BlackElo "1672"]

1. c4 e5 2. Nc3 Nc6 3. g3 f5 4. d3 Nf6 5. Bg2 Bb4 6.
e3 d5 7.
cxd5 Nxd5 8. Bd2 Be6 9. Nge2 O-O 10. O-O Qd7 11. a3 Bxc3 12. bxc3 Nf6 13. d4 e4 14. Qa4 Ne7 15. Qxd7 Nxd7 16.
Rfb1 Bc4 17. Nf4 b6 18. Bf1 Bxf1 19. Kxf1 c5 20. a4 Rf6 21. a5 Rd8 22. axb6 axb6 23. Ra7 g5 24. Ne2 Rh6 25.
Kg2 Nc6 26. Ra6 Na5 27. Be1 Nc4 28. Rba1 Rc8 29. Ra8 Rxa8 30. Rxa8+ Kf7 31. Nc1 b5 32. Nb3 Rc6 33. Ra7 Ke8 34.
Na5 Nxa5 35. Rxa5 Rb6 36. dxc5 Nxc5 37. c4 Nb3 38. Rxb5 Rxb5 39. cxb5 Kd7 40. f3 g4 41. f4 Kc7 1/2-1/2

[ePGN "0.1;DGT LiveChess/2.2.6"]

[Event "Goteborg Open 2024"]
[Site "Goteborgs Schackcentrum, Vegatan 20, Gothenburg, Sweden"]
[Date "2024.08.04"]
[Round "8.16"]
[White "Evertsson, David"]
[Black "Bergdahl, Martin"]
[Result "0-1"]
[TimeControl "15 minutes + 5 seconds per move from move one (Round 1 - 4) / 90 minutes + 30 seconds per move from move one (Round 5 - 8)"]
[WhiteFideId "1777424"]
[BlackFideId "1782231"]
[WhiteElo "1642"]
[BlackElo "1711"]

1. e4 c6 2. d4 d5 3. exd5 cxd5 4. c4 Nf6 5. Nc3 Nc6 6. Nf3 g6 7. Qb3 e6 8. cxd5 Nxd5 9. Nxd5 Qxd5 10.
Qxd5 exd5 11. Bb5 Bb4+ 12. Bd2 O-O 13. O-O-O Bd6 14. h3 Bf5 15. Bxc6 bxc6 16. Ne5 f6 17. g4 fxe5 18. gxf5 Rxf5 19.
Rhe1 e4 20. Be3 Bf4 21. Kd2 Bxe3+ 22. fxe3 Raf8 23. b4 Rf3 24. Rc1 R8f6 25. Rc3 Rxh3 26. Ra3 Rf7 27. Rc3 a5 28. bxa5 Rf2+ 29.
Re2 Rhh2 30. Rxf2 Rxf2+ 31. Ke1 Rxa2 32. Rxc6 Rxa5 33. Rc7 g5 34. Kf2 h5 35. Rd7 h4 36. Re7 g4 37. Re5 g3+ 38.
Kg2 Kf7 39. Rh5 Ra2+ 40. Kh3 Rh2+ 41. Kg4 g2 42. Rf5+ Ke6 43. Re5+ Kd6 0-1

[ePGN "0.1;DGT LiveChess/2.2.6"]

[Event "Goteborg Open 2024"]
[Site "Goteborgs Schackcentrum, Vegatan 20, Gothenburg, Sweden"]
[Date "2024.08.04"]
[Round "8.17"]
[White "Johansson, Stefan"]
[Black "Israelsson, Lukas"]
[Result "1/2-1/2"]
[TimeControl "15 minutes + 5 seconds per move from move one (Round 1 - 4) / 90 minutes + 30 seconds per move from move one (Round 5 - 8)"]
[WhiteFideId "1732242"]
[BlackFideId "1784749"]
[WhiteElo "1933"]
[BlackElo "1615"]

1. e4 c6 2. d4 d5 3. exd5 cxd5 4. Bd3 Nf6 5. Bf4 Bg4 6. Nf3 Nc6 7. c3 e6 8. Nbd2 Be7 9. O-O O-O 10.
Re1 a6 11. Rc1 b5 12. b4 Qb6 13. Nb3 a5 14. a3 axb4 15. axb4 Ra7 16. h3 Bxf3 17. Qxf3 Rfa8 18. g4 h6 19. h4 Ne8 20. g5 Ra3 21.
Nc5 hxg5 22. hxg5 g6 23. Nxe6 fxe6 24. Rxe6 Nxd4 25. Rxb6 Nxf3+ 26. Kg2 Nxg5 27. Bxg5 Bxb4 1/2-1/2

[ePGN "0.1;DGT LiveChess/2.2.6"]

[Event "Goteborg Open 2024"]
[Site "Goteborgs Schackcentrum, Vegatan 20, Gothenburg, Sweden"]
[Date "2024.08.04"]
[Round "8.18"]
[White "Garby, Jacob"]
[Black "Saleh, Saqr"]
[Result "0-1"]
[TimeControl "15 minutes + 5 seconds per move from move one (Round 1 - 4) / 90 minutes + 30 seconds per move from move one (Round 5 - 8)"]
[WhiteFideId "1786520"]
[BlackFideId "1785877"]
[WhiteElo "1895"]
[BlackElo "1835"]

1. d4 Nf6 2. c4 e6 3. Nc3 Bb4 4. Nf3 d6 5. Bg5 Bxc3+ 6. bxc3 Nbd7 7. e3 O-O 8. Bd3 e5 9. Qc2 h6 10.
h4 Re8 11. Bxf6 Nxf6 12. Nd2 b6 13. Ne4 Bb7 14. Nxf6+ Qxf6 15. f3 exd4 16. cxd4 Rxe3+ 17. Kf1 Rxf3+ 18. gxf3 Qxf3+ 19. Ke1 Qxh1+ 20. Bf1 Qxh4+ 0-1

[ePGN "0.1;DGT LiveChess/2.2.6"]

[Event "Goteborg Open 2024"]
[Site "Goteborgs Schackcentrum, Vegatan 20, Gothenburg, Sweden"]
[Date "2024.08.04"]
[Round "8.19"]
[White "Olsson, Jonas"]
[Black "Murugaraja, Yogeshwer"]
[Result "1-0"]
[TimeControl "15 minutes + 5 seconds per move from move one (Round 1 - 4) / 90 minutes + 30 seconds per move from move one (Round 5 - 8)"]
[WhiteFideId "1734415"]
[BlackFideId "1779389"]
[WhiteElo "1741"]
[BlackElo "1628"]

1. e4 c5 2. f4 d6 3. Nf3 Nf6 4. Bb5+ Bd7 5. Bxd7+ Qxd7 6. Nc3 e6 7. O-O Be7 8. d4 cxd4 9.
Nxd4 O-O 10. e5 dxe5 11. fxe5 Nd5 12. Nxd5 Qxd5 13. Nf3 Qc5+ 14. Kh1 Rd8 15. Qe2 Nc6 16. Be3 Qa5 17. Bf4 h6 18.
c3 g5 19. b4 Qc7 20. Bg3 Bf8 21. Rae1 Bg7 22. h4 g4 23. Nd2 h5 24. Nc4 Rac8 25. Qe3 Rd7 26. Qg5 f5 27. Nd6 Rcd8 28.
Qxh5 Bxe5 29. Qg6+ Rg7 30. Qxe6+ Kh8 31. Bxe5 Nxe5 32. Nxf5 Nd3 33. Nxg7 Qxg7 34. Re4 g3 35. Kg1 Nf2 36.
Re5 Nh3+ 37. gxh3 g2 38. Rh5+ Qh7 39. Rxh7+ 1-0

[ePGN "0.1;DGT LiveChess/2.2.6"]

[Event "Goteborg Open 2024"]
[Site "Goteborgs Schackcentrum, Vegatan 20, Gothenburg, Sweden"]
[Date "2024.08.04"]
[Round "8.21"]
[White "Eklund, Rickard"]
[Black "Hitcher, Oscar"]
[Result "1-0"]
[TimeControl "15 minutes + 5 seconds per move from move one (Round 1 - 4) / 90 minutes + 30 seconds per move from move one (Round 5 - 8)"]
[WhiteFideId "1789040"]
[BlackFideId "1746901"]
[WhiteElo "1595"]
[BlackElo "1679"]

1. e4 g6 2. d4 d6 3. Nf3 Nf6 4. Nc3 Bg7 5. Bd3 O-O 6. O-O h6 7. h3 a6 8. Be3 b5 9. a3 Bb7 10.
Qd2 Kh7 11. b4 Nbd7 12. Rae1 e5 13. dxe5 Nxe5 14. Nxe5 dxe5 15. Bc5 Re8 16. f3 Nh5 17.
Ne2 Bc8 18. g4 Nf6 19. Rd1 Be6 20. Qe1 Qc8 21. Qg3 Nd7 22. Be3 c5 23. bxc5 Nxc5 24. f4 exf4 25. Bxf4 Nxd3 26. cxd3 g5 27.
Be3 Qc2 28. Qf3 Qb2 29. Ng3 Bd4 30. Nh5 Bxe3+ 31. Qxe3 Kh8 32. Rf6 Kh7 33. d4 Rad8 34. Rf2 Qb3 35. Rd3 Qc4 36. Nf6+ Kg6 37.
Nxe8 Rxe8 38. d5 Bxd5 39. Qf3 Qxe4 40. Rxd5 Qe6 41. Qd3+ Kg7 42. Qc3+ Kg8 43. Rdf5 Rc8 44. Qd2 Rf8 45. Rf6 Qc8 46. Rxh6 f6 47.
Rhxf6 Rxf6 48. Rxf6 Qc5+ 49. Rf2 Qxa3 50. Qa2+ Qxa2 51. Rxa2 1-0